 Dungeon Crawl Stone Soup version 0.25-a0-591-g2ad0d861f1 (webtiles) character file.

Game seed: 15577969796626547342, levelgen mode: deterministic

18 n0claF the Shooter (level 2, 0/24 HPs)
             Began as a Centaur Hunter on Mar 13, 2020.
             Succumbed to an adder's poison
             ... on level 2 of the Dungeon.
             The game lasted 00:01:33 (195 turns).

n0claF the Shooter (Centaur Hunter)                  Turns: 195, Time: 00:01:34

Health: 0/24       AC:  4    Str: 14    XL:     2   Next: 48%
Magic:  2/2        EV:  9    Int: 10    God:
Gold:   0          SH:  0    Dex:  9    Spells: 1/1 levels left

rFire    . . .     SeeInvis .   a - +1 shortbow
rCold    . . .     Gourm    .   (shield currently unavailable)
rNeg     . . .     Faith    .   c - +0 leather armour
rPois    .         Spirit   .   (no helmet)
rElec    .         Reflect  .   (no cloak)
rCorr    .         Harm     .   (no gloves)
MR       .....                  (no barding)
Stlth    +.........             (no amulet)
HPRegen  0.08/turn              (no ring)
MPRegen  0.08/turn              (no ring)

@: lethally poisoned (0 -> -9), hasted, very quick
A: large, hooves 3, deformed body, speed 2, tough skin 3
a: no special abilities


You were on level 2 of the Dungeon.
You were not hungry.

You visited 1 branch of the dungeon, and saw 2 of its levels.

Inventory:

Hand Weapons
 a - a +1 shortbow (weapon)
 b - a +0 short sword
Missiles
 d - 14 arrows (quivered)
Armour
 c - a +0 leather armour (worn)
Scrolls
 h - a scroll of enchant armour {unknown}
 i - a scroll of noise {unknown}
 j - a scroll of fog {unknown}
Comestibles
 e - a ration {!d}
 g - 11 chunks of flesh


   Skills:
 + Level 2.3 Fighting
 * Level 5.8 Bows
 + Level 1.6 Dodging
 - Level 0.4 Stealth


You had one spell level left.
You didn't know any spells.
Your spell library was empty.

Dungeon Overview and Level Annotations

Branches:
Dungeon (1/15)

Altars:


Innate Abilities, Weirdness & Mutations

You have hooves in place of feet.
Armour fits poorly on your strangely shaped body.
You cover ground very quickly.
You have extremely tough skin. (AC +3)


Message History

Aim: an adder (almost dead)
You shoot an arrow. The arrow completely misses the adder.
The adder bites you.
Firing (i - inventory)
d - 22 arrows (quivered)
Aim: an adder (almost dead)
You shoot an arrow. The arrow barely misses the adder.
The adder bites you but does no damage.
Firing (i - inventory)
d - 21 arrows (quivered)
Aim: an adder (almost dead)
You shoot an arrow. The arrow closely misses the adder.
The adder bites you.
You are poisoned.
The adder poisons you! The adder bites you.
You are more poisoned.
The adder poisons you!
Firing (i - inventory)
d - 20 arrows (quivered)
Aim: an adder (almost dead)
You shoot an arrow. The arrow closely misses the adder.
You feel sick. The adder barely misses you.
Firing (i - inventory)
d - 19 arrows (quivered)
Aim: an adder (almost dead)
You shoot an arrow.
The arrow hits the adder but does no damage.
You feel sick. The adder bites you.
* * * LOW HITPOINT WARNING * * *
You are too injured to fight recklessly!
Firing (i - inventory)
d - 18 arrows (quivered)
Aim: an adder (almost dead)
You shoot an arrow. The arrow closely misses the adder.
The adder bites you but does no damage. x2
Firing (i - inventory)
d - 17 arrows (quivered)
Aim: an adder (almost dead)
You shoot an arrow. The arrow misses the adder.
You feel sick. The adder bites you.
* * * LOW HITPOINT WARNING * * *
Firing (i - inventory)
d - 16 arrows (quivered)
Aim: an adder (almost dead)
You shoot an arrow. The arrow misses the adder.
The adder bites you.
* * * LOW HITPOINT WARNING * * *
You are more poisoned.
The adder poisons you!
* * * LOW HITPOINT WARNING * * *
You feel sick.
* * * LOW HITPOINT WARNING * * *
You feel sick.
It was a potion of haste.
You feel yourself speed up. The adder closely misses you. The adder misses you.
Unknown command.
Firing (i - inventory)
d - 15 arrows (quivered)
Aim: an adder (almost dead)
You shoot an arrow. The arrow closely misses the adder.
You die...

#############
##.....#.....##
##............?## #
#...............# #.
#.......).......# #..
#...............#
#...#...............#
#...............)...#
..#(..S@.........#######
#.#.....#......###....
#.....(###.#######.(÷..÷..
#...#.. ...# ##.######
###.... #### #.# # #.#(#
..# #..#. .### ... #( ..
###### (. (. .. ......


You could see an adder.

Vanquished Creatures
  A worm (D:2)
  A giant cockroach (D:2)
  3 goblins
  2 hobgoblins
  4 kobolds
  3 rats
14 creatures vanquished.

Notes
Turn   | Place    | Note
-------+----------+-------------------------------------------
     0 | D:1      | n0claF the Centaur Hunter began the quest for the Orb.
     0 | D:1      | Reached XP level 1. HP: 17/17 MP: 1/1
    76 | D:1      | You fall into a shaft and drop 1 floor!
    80 | D:2      | Reached XP level 2. HP: 21/24 MP: 2/2
   193 | D:2      | HP: 1/24 [poisoned by an adder]
   195 | D:2      | Succumbed to an adder's poison

Levels and vault maps discovered:
D:1:      wander_arrival_desolate, layout_rooms
D:2:      layout_rooms

Action                   || total
-------------------------++-------
 Fire: Shortbow          ||    63
  Use: Potion            ||     1
Armor: Leather armour    ||     8
Dodge: Dodged            ||    13

Table legend:
 A = Non-vault XP
 B = Vault XP
 C = Vault XP percentage of total XP
 D = Non-vault monster count
 E = Vault monster count
 F = Vault count percentage of total count
                 A         B        C        D         E       F
            +---------+---------+-------+---------+---------+-------
      Total |      26 |       0 |   0.0 |      14 |       0 |   0.0
            +---------+---------+-------+---------+---------+-------
        D:1 |       8 |       0 |   0.0 |       6 |       0 |   0.0
        D:2 |      18 |       0 |   0.0 |       8 |       0 |   0.0
            +---------+---------+-------+---------+---------+-------
